 Dungeon Crawl Stone Soup version 0.17-a0-1972-g3149b6f (webtiles) character file.

730 braksdos the Sneak (level 8, -3/48 HPs)
             Began as a Kobold Ice Elementalist on Oct 4, 2015.
             Slain by Grinder (7 damage)
             ... while paralysed by Grinder
             ... on level 3 of the Dungeon.
             The game lasted 00:25:09 (6446 turns).

braksdos the Sneak (Kobold Ice Elementalist)        Turns: 6446, Time: 00:25:09

Health: -3/48      AC: 10    Str:  7    XL:     8   Next: 3%
Magic:  10/11      EV:  3    Int: 15    God:
Gold:   91         SH:  0    Dex: 16    Spells: 2 memorised, 7 levels left

rFire  . . .     SeeInvis .     j - +2 short sword (flame)
rCold  . . .     Clarity  .     i - +0 leather armour
rNeg   . . .     SustAt   .     (shield restricted)
rPois  .         Gourm    .     e - +0 helmet
rElec  .         Spirit   .     (no cloak)
rCorr  .         Warding  .     m - +0 pair of gloves
rMut   .         Stasis   .     (no boots)
MR     .....                    (no amulet)
Stlth  ++++......               (no ring)
                                f - +5 ring of protection

@: paralysed, not resistant to hostile enchantments, stealthy
A: carnivore 3
a: no special abilities


You were on level 3 of the Dungeon.
You were very full.

You visited 1 branch of the dungeon, and saw 5 of its levels.

You collected 91 gold pieces.

Inventory:

Hand Weapons
 j - a +2 short sword of flaming (weapon)
Missiles
 l - 5 tomahawks (quivered)
 w - 4 exploding tomahawks
Armour
 e - a +0 helmet (worn)
 i - a +0 leather armour (worn)
 m - a +0 pair of gloves (worn)
 x - a +1 pair of gloves of dexterity
Jewellery
 f - a +5 ring of protection (left hand)
Scrolls
 a - a scroll of teleportation
 d - 4 scrolls of remove curse
 h - a scroll of blinking
 k - a scroll of amnesia
 s - a scroll of recharging {unknown}
 v - a scroll of magic mapping
Potions
 g - a potion of brilliance {unknown}
 o - a potion of flight
 p - a potion of curing
 r - a potion of magic {unknown}
 t - a potion of ambrosia {unknown}
 u - 2 potions of lignification {unknown}
Books
 b - a book of Frost

   Spells                             Type                      Level
   a - Freeze                         Ice                          1
   b - Throw Frost                    Conjuration/Ice              2
   c - Ozocubu's Armour               Charms/Ice                   3
   d - Throw Icicle                   Conjuration/Ice              4
   e - Summon Ice Beast               Ice/Summoning                4
   f - Condensation Shield            Ice                          4
Comestibles
 c - 3 meat rations
 n - a royal jelly


   Skills:
 - Level 3.7 Fighting
 + Level 3.6 Short Blades
 - Level 2.4 Dodging
 + Level 6.7 Stealth
 - Level 2.0 Spellcasting
   Level 0.8 Conjurations
 + Level 5.9 Ice Magic


You had 7 spell levels left.
You knew the following spells:

 Your Spells              Type           Power        Failure   Level  Hunger
a - Freeze                Ice            ###.         3%          1    #......
b - Ozocubu's Armour      Chrm/Ice       ##......     34%         3    ###....


Dungeon Overview and Level Annotations

Branches:
Dungeon (5/15)
 Temple: D:4-7

Altars:
Elyvilon
Fedhas
Zin

Annotations:
D:1 exclusion: downstairs
D:2 exclusion: downstairs
D:3 Grinder; Shim's ghost, amateur HEWr
D:5 Bnni's ghost, novice NaTm


Innate Abilities, Weirdness & Mutations

You are small and have problems with some larger weapons.
You are carnivorous and can eat meat at any time.


Message History

You suddenly lose the ability to move!
The bat hits you but does no damage. The bat barely misses you.
Grinder gestures at you. Pain shoots through your body!
Shim's ghost mumbles some strange words.
Shim's ghost blinks!
The bat hits you but does no damage. The bat completely misses you.
Grinder hits you.
* * * LOW HITPOINT WARNING * * *
You writhe in agony.
* * * LOW HITPOINT WARNING * * *
The bat hits you.
* * * LOW HITPOINT WARNING * * *
The bat hits you but does no damage. Grinder hits you.
* * * LOW HITPOINT WARNING * * *
You writhe in agony.
* * * LOW HITPOINT WARNING * * *
The bat hits you but does no damage. Grinder hits you!
You die...

... .............P....##### ...
................###
##..............#
##.....#....)### ##
#######.##.[# .### ###..##)[#
...########..W###).# .
............#......# ..
###.#######.....@..# ...
#.##..........5..##########....
###.....#......b##............#
......#.....##.....#.....######
##......#..###.....#.....#
#.####...W...)#.###.....# W..
#..#.####.#.........#
..........####.#.###.....#
..######..##.....# #.....#


You could see Grinder, Shim's ghost and a bat.

Vanquished Creatures
  An ogre (D:4)
  A giant frog (D:5)
  A centaur skeleton (D:5)
  A crimson imp (D:5)
  2 orc wizards (D:4)
  A hound (D:4)
  2 jellies (D:5)
  3 orc priests
  A giant frog zombie (D:4)
  An iguana (D:5)
  A worker ant (D:4)
  Robin (D:2)
  3 gnolls (D:4)
  7 adders
  An ooze (D:2)
  A worm (D:2)
  2 giant geckos (D:1)
  19 orcs
  A ball python (D:4)
  5 giant cockroaches
  17 goblins
  6 hobgoblins
  10 jackals
  9 bats
  7 giant newts
  4 kobolds
  A quokka (D:3)
  A quokka skeleton (D:4)
  10 rats
120 creatures vanquished.

Notes
Turn   | Place    | Note
--------------------------------------------------------------
     0 | D:1      | braksdos the Kobold Ice Elementalist began the quest for the Orb.
     0 | D:1      | Reached XP level 1. HP: 10/10 MP: 3/3
   323 | D:1      | Reached XP level 2. HP: 11/16 MP: 1/5
   455 | D:1      | Reached skill level 1 in Fighting
   760 | D:1      | Reached XP level 3. HP: 18/21 MP: 6/6
  1438 | D:2      | Noticed Robin
  1734 | D:2      | Reached XP level 4. HP: 23/26 MP: 4/7
  1737 | D:2      | Reached skill level 4 in Ice Magic
  1781 | D:1      | Learned a level 3 spell: Ozocubu's Armour
  2171 | D:2      | Killed Robin
  2348 | D:2      | Reached XP level 5. HP: 28/32 MP: 8/8
  2780 | D:3      | Noticed Grinder
  2969 | D:3      | Noticed Shim's ghost (amateur HEWr)
  3034 | D:4      | Found a blossoming altar of Fedhas.
  3062 | D:5      | Entered Level 5 of the Dungeon
  3084 | D:4      | Reached XP level 6. HP: 4/37 MP: 0/9
  3375 | D:5      | Noticed Bnni's ghost (novice NaTm)
  4637 | D:5      | Noticed an orc warrior
  4725 | D:5      | Reached skill level 1 in Short Blades
  4725 | D:5      | Reached skill level 5 in Ice Magic
  4924 | D:5      | Reached skill level 5 in Stealth
  4968 | D:5      | Reached XP level 7. HP: 39/42 MP: 10/10
  5787 | D:4      | Found a white marble altar of Elyvilon.
  5819 | D:4      | Reached skill level 6 in Stealth
  6294 | D:4      | Found a glowing silver altar of Zin.
  6360 | D:4      | Reached XP level 8. HP: 19/48 MP: 4/11
  6440 | D:3      | Paralysed by Grinder for 7 turns
  6446 | D:3      | Slain by Grinder

Vault maps used:
D:1:      dpeg_arrival_connections, hangedman_abyss_or_decor_stabs
D:2:      uniq_robin
D:3:      lemuel_castle_with_subvaults, gammafunk_temple_overflow_wave,
          first_bread, uniq_grinder
D:4:      kennysheep_mini, nicolae_overflow_hidden_temple, zin_scriptorium
D:5:      feat_on_display

Action                   |  1- 3 |  4- 6 |  7- 9 || total
-------------------------+-------+-------+-------++-------
Melee: Unarmed           |     5 |       |       ||     5
       Whip              |    20 |       |       ||    20
       Short sword       |    78 |   208 |    97 ||   383
Throw: Tomahawk          |       |     2 |     3 ||     5
 Cast: Freeze            |    18 |    32 |     9 ||    59
       Ozocubu's Armour  |       |    10 |     2 ||    12
  Use: Scroll            |     1 |     5 |     3 ||     9
       Potion            |       |     1 |     1 ||     2
 Stab: Sleeping          |     6 |     3 |     2 ||    11
       Distracted        |       |     1 |       ||     1
  Eat: Chunk             |    11 |     7 |    11 ||    29
